Description

Feel free to let me know if you have any suggestions for future videos. I hope you guys enjoy this

VOD

https://www.youtube.com/watch?v=naV9pLTW_zA&feature=youtu.be

Replay - Beastyqt TvZ Build Order Guide

Build Order

Get SALT Encoding   

  12  0:00  SCV  
  13  0:13  SCV  
  14  0:18  Supply Depot  
  14  0:25  SCV  
  15  0:30  Refinery  
  15  0:39  SCV  
  16  0:45  Barracks  
  16  0:51  SCV  
  17  1:04  SCV  
  18  1:16  SCV  
  19  1:31  Orbital Command  
  19  1:32  Reaper  
  20  1:44  Command Center  
  20  1:56  Factory  
  20  1:59  SCV  
  21  2:08  Barracks Reactor  
  21  2:11  SCV  
  21  2:12  Supply Depot  
  22  2:23  Refinery, SCV  
  24  2:45  Starport  
  24  2:50  Hellion x2  
  29  2:58  Barracks Tech Lab  
  29  3:00  Orbital Command  
  31  3:15  Hellion x2  
  37  3:29  Viking  
  38  3:36  Supply Depot, Hellion  
  41  3:42  Hellion  
  44  3:52  Supply Depot  
  46  3:58  Supply Depot  
  46  3:59  Raven  
  48  4:04  Hellion  
  54  4:10  Hellion  
  56  4:26  Hellion  
  56  4:29  Armory  
  61  4:31  Hellion  
  64  4:51  Command Center  
  71  5:10  Refinery x2  
  71  5:13  Banshee  
  81  5:32  Barracks Tech Lab  
  82  5:37  Factory x2  
  83  5:45  Armory  
  83  5:48  Terran Vehicle Weapons Level 1  
  90  6:09  Starport Reactor  
  97  6:30  Thor x2  
  104  6:37  Orbital Command  
  110  6:42  Terran Vehicle And Ship Armor Level 1  
  111  6:51  Medivac x2  
  121  7:03  Refinery x2  
  121  7:08  Infernal Pre-Igniter  
  124  7:19  Siege Tank x2  
  138  7:40  Factory x2  
  141  7:44  Liberator  
  142  7:53  Siege Tank  
Spawning Tool Build Advisor. Get it on Overwolf

Go to:

Details

  • Created by: Chanyman
  • Published on: Nov 24, 2017
  • Modified on: Dec 03, 2017
  • Patch: 4.0.0
Show
View Real Time Build Order
Export as new Build Order

Comments (0)

There are no comments. Be the first!

Create an account to comment!